 Dungeon Crawl Stone Soup version 0.30-a0-341-g682706514a (webtiles) character file.

Game seed: 16135355314862179540

131022 Muataran the End of an Era (level 17, -11/158 HPs)
             Began as a Hill Orc Fighter on Nov 1, 2022.
             Was the Champion of Qazlal.
             Mangled by a swamp worm (20 damage)
             ... called by a spriggan druid
             ... on level 4 of the Swamp.
             The game lasted 01:26:05 (36964 turns).

Muataran the End of an Era (Hill Orc Fighter)      Turns: 36964, Time: 01:26:06

Health: -11/158    AC: 21    Str: 23    XL:     17   Next: 9%
Magic:  15/31      EV: 15    Int: 12    God:    Qazlal [******]
Gold:   4073       SH: 19    Dex: 10    Spells: 16/16 levels left

rFire   . . .      SeeInvis .    a - +3 broad axe (freeze)
rCold   . . .      Faith    +    V - +1 kite shield {AC+3}
rNeg    . . .      Spirit   .    N - +1 plate armour {rPois}
rPois   +          Reflect  .    f - +2 hat
rElec   .          Harm     .    n - +0 cloak
rCorr   .          Rampage  .    Q - +0 pair of gloves
Will    +....                    (no boots)
Stlth   ..........               B - amulet of faith
HPRegen 0.46/turn                h - +4 ring of evasion
MPRegen 0.22/turn                U - +4 ring of evasion

@: protected from physical damage, corroded, repel missiles
A: no striking features
a: Renounce Religion, Upheaval, Elemental Force, Disaster Area


You were on level 4 of the Swamp.
You worshipped Qazlal.
Qazlal was exalted by your worship.
You visited 5 branches of the dungeon, and saw 27 of its levels.
You visited the Abyss 1 time.
You also visited: Sewer.

You collected 4411 gold pieces.
You spent 338 gold pieces at shops.

Inventory:

Hand Weapons
 a - a +3 broad axe of freezing (weapon)
 b - a +6 vorpal flail
Missiles
 E - 2 throwing nets (quivered)
Armour
 f - a +2 hat (worn)
 l - a +2 chain mail of cold resistance
 n - a +0 cloak (worn)
 N - a +1 plate armour of poison resistance (worn)
 Q - a +0 pair of gloves (worn)
 V - a +1 kite shield of protection (worn)
 X - a +0 tower shield
Jewellery
 g - a ring of flight
 h - a +4 ring of evasion (left hand)
 k - a ring of protection from cold
 m - an amulet of guardian spirit
 o - a ring of see invisible
 B - an amulet of faith (around neck)
 H - an amulet of the acrobat
 K - a ring of protection from cold
 U - a +4 ring of evasion (right hand)
 W - a ring of ice
Wands
 w - a wand of polymorph (5)
 x - a wand of light (28)
 y - a wand of paralysis (22)
 A - a wand of digging (22)
 M - a wand of flame (67)
 O - a wand of roots (30)
 R - a wand of mindburst (4)
Scrolls
 i - a scroll of summoning
 s - 6 scrolls of magic mapping
 C - 3 scrolls of poison
 F - 5 scrolls of enchant armour
 I - 11 scrolls of teleportation
 L - 2 scrolls of amnesia
 P - 9 scrolls of identify
 S - 3 scrolls of noise
Potions
 c - 2 potions of might
 d - 3 potions of ambrosia
 e - 4 potions of attraction
 j - 6 potions of degeneration
 p - 11 potions of curing
 q - 3 potions of brilliance
 r - a potion of cancellation
 t - 3 potions of mutation
 u - 3 potions of magic
 v - 4 potions of flight
 z - a potion of resistance
 D - 2 potions of lignification
 G - 2 potions of haste
 J - a potion of berserk rage
 T - 2 potions of invisibility


   Skills:
 + Level 15.9 Fighting
 - Level 17.5(18.5) Axes
 * Level 8.9(12.9) Maces & Flails
 + Level 14.7 Armour
 + Level 2.9 Dodging
 + Level 8.5 Shields
 * Level 21.4 Invocations


You had 16 spell levels left.
You didn't know any spells.
Your spell library contained the following spells:

 Spells                   Type           Power      Damage    Failure   Level
 Beastly Appendage        Tmut           0%         N/A       100%        1
 Summon Small Mammal      Summ           0%         N/A       100%        1
 Call Imp                 Summ           0%         N/A       100%        2
 Cigotuvi's Dreadful Rot  Necr/Pois/Air  0%         N/A       100%        2
 Poisonous Vapours        Pois/Air       0%         N/A       100%        2
 Wereblood                Tmut           0%         N/A       100%        2
 Call Canine Familiar     Summ           0%         N/A       100%        3
 Frozen Ramparts          Ice            0%         1d1       100%        3
 Hailstorm                Conj/Ice       0%         3d3       100%        3
 Mephitic Cloud           Conj/Pois/Air  0%         N/A       100%        3
 Portal Projectile        Hex/Tloc       0%         N/A       100%        3
 Spider Form              Tmut/Pois      0%         N/A       100%        3
 Summon Guardian Golem    Hex/Summ       0%         N/A       100%        3
 Tukima's Dance           Hex            0%         N/A       100%        3
 Vhi's Electric Charge    Tloc/Air       0%         N/A       100%        3
 Dispel Undead            Necr           0%         3d6       100%        4
 Ice Form                 Ice/Tmut       0%         N/A       100%        4
 Leda's Liquefaction      Hex/Erth       0%         N/A       100%        4
 Passage of Golubria      Tloc           0%         N/A       100%        4
 Summon Ice Beast         Ice/Summ       0%         N/A       100%        4
 Summon Lightning Spire   Summ/Air       0%         N/A       100%        4
 Arcjolt                  Conj/Air       0%         1d10      100%        5
 Blade Hands              Tmut           0%         N/A       100%        5
 Lee's Rapid Deconstruct  Erth           0%         3d4*      100%        5
 Summon Forest            Summ/Tloc      0%         N/A       100%        5
 Yara's Violent Unravell  Hex/Tmut       0%         3d3       100%        5
 Death Channel            Necr           0%         N/A       100%        6
 Simulacrum               Ice/Necr       0%         N/A       100%        6
 Statue Form              Tmut/Erth      0%         N/A       100%        6
 Maxwell's Capacitive Co  Air            0%         ∞         100%        8


Dungeon Overview and Level Annotations

Branches:
Dungeon (15/15)            Temple (1/1) D:6            Lair (5/5) D:9
  Swamp (4/4) Lair:3        Snake (0/4) Lair:2        Slime (0/5) Lair:5
    Orc (2/2) D:11            Elf (0/3) Orc:2        Vaults (0/5) D:13
 Depths (0/4) D:15          Sewer (visited)

Altars:
Ashenzari
Cheibriados
Dithmenos
Elyvilon
Fedhas
Gozag
Hepliaklqana
Kikubaaqudgha
Makhleb
Nemelex Xobeh
Okawaru
Qazlal
Ru
Sif Muna
Trog
Uskayaw
Vehumet
Wu Jian
Xom
Yredelemnul
Zin
The Shining One

Shops:
D:6 !   Orc:2 :*=!(

Portals:
Trove: D:12 (give 12 scrolls of teleportation)


Message History

Okay, then.
Okay, then.
Okay, then.
Activating: Disaster Area (0% risk of failure)
Press: ? - help, Dir - look around, f - activate
There are friendlies around; are you sure you want to hurt them?
Nature churns violently around you!
You hear a sizzling sound!
The blast of magma engulfs the tyrant leech!!!
You kill the tyrant leech!
Qazlal accepts your kill.
The cutting wind hits your goliath frog!!
Your goliath frog is heavily wounded.
Your goliath frog dissolves into shadows!
You block the goliath frog's attack. The spriggan druid misses you.
The spriggan druid is engulfed in freezing vapours.
The spriggan druid hits you but does no damage.
Your eleionoma is engulfed in freezing vapours.
Your eleionoma hurls a spray of splinters at the swamp worm.
The spray of wooden splinters hits the swamp worm!!
The spray of wooden splinters hits the spriggan druid!!
With its final breath, the spriggan druid offers up its power to the beasts of the wild!
The swamp worm is healed.
The swamp worm seems to grow more fierce.
The goliath frog seems to grow more fierce.
The spriggan druid dies!
Qazlal accepts your kill.
Unknown command.
Activating: Disaster Area (0% risk of failure)
Press: ? - help, Dir - look around, f - activate
There are friendlies around; are you sure you want to hurt them?
Nature churns violently around you! The cutting wind hits your eleionoma!!!
Your eleionoma is severely wounded.
The cutting wind hits your eleionoma!!!
You kill your eleionoma!
Your eleionoma's corpse dissolves into shadows!
You hear a sizzling sound!
You hear a splash.
The swamp worm bites you!!
You die...

♣.~~~.~... ♣.~~~§~...
♣.~~~~~... ♣♣§§~.♣♣♣.
♣♣♣♣♣♣♣§§§~~♣♣
♣§~§..§§§§~~~♣
♣§°○°○☼§♣☼~~~♣♣ ♣##
♣♣♣♣♣§§§w.≈≈♣♣~~~.♣ ♣~#
♣♣..~♣♣§)@i§≈♣♣D..♣♣ ♣.##
♣~~~§§§§§F§§.♣.~~§♣ ♣.~##
♣.~§≈§§§§○.§§§..~~♣ ♣~.~#
♣~..<<.≈..§§§§.<~.♣♣♣♣.<~~
♣♣♣♣♣~♣♣♣♣.....§§.♣~♣♣~.~~
♣♣♣♣♣♣.~~§§§~~~..~♣.~~
♣~.§§§§§§~~~~~§~.~~
♣♣.~~§§§.§~~..~~~..
♣♣♣♣...♣♣♣.~~..~~~..


You could see a spriggan druid, a goliath frog (strong) and a swamp worm
(strong).

Vanquished Creatures
  Rupert (Lair:3)
  Gastronok (D:11)
  A thorn hunter (Swamp:2)
  Kirke (Lair:3)
  Roxanne (Swamp:1)
  A fenstrider witch (Swamp:3)
  Louise (Swamp:1)
  An orc warlord (Orc:2)
  A stone giant (D:15)
  6 bunyips
  An eleionoma (Swamp:2)
  Snorg (Lair:3)
  A fire dragon (Lair:5)
  Josephine (D:11)
  4 vault guards
  Erolcha (D:10)
  18 hydras
  An ogre mage (D:15)
  A ghost crab (Swamp:2)
  7 boulder beetles
  Erica (D:11)
  3 centaur warriors
  A death knight (D:14)
  7 alligators
  4 death yaks
  3 two-headed ogres
  Urug (Lair:1)
  3 tengu warriors
  4 orc high priests
  Nergalle (D:11)
  Lodul (D:11)
  3 goliath frogs
  3 skeletal warriors (D:12)
  3 spriggan druids
  5 swamp dragons
  5 bog bodies
  Pikel (D:8)
  A necromancer (Swamp:1)
  An orc knight (Orc:1)
  3 deep elf pyromancers
  A wizard (D:13)
  A wolf spider (D:14)
  2 ugly things (D:13)
  3 orc sorcerers
  5 cyclopes
  4 manticores
  An elephant (Lair:4)
  7 black mambas
  2 torpor snails
  6 cane toads
  Maggie (D:8)
  3 gargoyles
  An unseen horror (D:13)
  2 bunyip simulacra (Swamp:1)
  An efreet (D:14)
  3 rime drakes (Lair:5)
  12 komodo dragons
  2 tengu conjurers (D:15)
  A queen bee (shapeshifter) (D:13)
  10 trolls
  12 polar bears
  8 tyrant leeches
  Grinder (D:4)
  21 slime creatures
  15 blink frogs
  2 alligator zombies (Swamp:1)
  2 raiju (Lair:5)
  2 shadows (D:12)
  4 wyverns
  A ynoxinul (Abyss:3)
  4 hogs (Lair:3)
  3 wraiths (D:11)
  Eustachio (D:4)
  14 vampire mosquitoes
  8 basilisks
  4 steam dragons
  71 yaks
  2 chaos spawn (Swamp:4)
  8 wargs
  Edmund (D:4)
  A hydra simulacrum (Swamp:1)
  3 acid dragons
  4 nagas (Lair:2)
  11 swamp worms
  21 water moccasins
  13 hell hounds (Lair:5)
  Pargi (Sewer)
  15 black bears
  2 ice beasts
  2 swamp drakes
  A swamp dragon zombie (Swamp:1)
  14 orc warriors
  16 ogres
  15 centaurs
  28 wolves
  A lemure (D:8)
  4 kobold brigands
  Blork the orc (D:4)
  2 necrophages (D:6)
  10 bullfrogs
  2 gnoll sergeants
  4 scorpions
  14 killer bees
  6 howler monkeys
  8 jellies
  2 hounds
  31 orc priests
  13 iguanas
  28 orc wizards
  16 gnolls
  13 adders
  3 white imps
  2 ufetubi
  2 worms
  59 orcs
  5 endoplasms
  3 giant cockroaches
  8 goblins
  7 hobgoblins
  3 jackals (D:5)
  5 quokkas
  4 ball pythons
  2 bats
  7 frilled lizards
  19 kobolds
  9 rats
  A spectral orc (D:9)
  2 butterflies (Lair:2)
800 creatures vanquished.

Vanquished Creatures (collateral kills)
  A spriggan druid (Swamp:4)
  A bog body (Swamp:1)
2 creatures vanquished.

Vanquished Creatures (others)
  An unseen horror (D:13)
  2 bunyip simulacra (Swamp:1)
  4 bloated husks
  A basilisk (D:13)
  A swamp worm (Swamp:1)
  An orc warrior (Orc:2)
  2 centaurs (D:13)
  An orc priest (Orc:2)
  An iguana (Lair:5)
  A briar patch (Swamp:3)
  2 bushes
  21 fungi
  81 plants
119 creatures vanquished.

Grand Total: 921 creatures vanquished

Notes
Turn   | Place    | Note
-------+----------+-------------------------------------------
     0 | D:1      | Muataran the Hill Orc Fighter began the quest for the Orb.
     0 | D:1      | Reached XP level 1. HP: 19/19 MP: 1/1
   160 | D:1      | Reached XP level 2. HP: 27/27 MP: 2/2
   777 | D:2      | Found a faded altar of an unknown god.
   798 | D:2      | Got Plato's Verses on Creation
   951 | D:2      | Reached XP level 3. HP: 30/33 MP: 3/3
  1200 | D:2      | Reached XP level 4. HP: 29/40 MP: 4/4
  1792 | D:3      | Reached XP level 5. HP: 46/46 MP: 5/5
  1949 | D:3      | Got the Handbook of Assembled Fascination
  2554 | D:4      | Reached skill level 5 in Axes
  2557 | D:4      | Reached XP level 6. HP: 38/53 MP: 4/6
  2564 | D:4      | Reached skill level 5 in Shields
  2672 | D:4      | Noticed Edmund
  2703 | D:4      | Killed Edmund
  2818 | D:4      | Noticed Eustachio
  2838 | D:4      | Killed Eustachio
  2839 | D:4      | Reached skill level 5 in Fighting
  2839 | D:4      | Reached skill level 1 in Maces & Flails
  2839 | D:4      | Reached XP level 7. HP: 55/61 MP: 5/7
  2997 | D:4      | Reached skill level 5 in Armour
  3607 | D:4      | Noticed Grinder
  3607 | D:4      | Noticed Blork the orc
  3614 | D:4      | Killed Blork the orc
  3615 | D:4      | Reached XP level 8. HP: 70/70 MP: 8/8
  3619 | D:4      | Paralysed by Grinder for 2 turns
  3625 | D:4      | Killed Grinder
  3708 | D:5      | Entered Level 5 of the Dungeon
  3774 | D:5      | Found an opulent altar of Gozag.
  3940 | D:5      | Found a blossoming altar of Fedhas.
  4415 | D:5      | Found a glowing silver altar of Zin.
  4868 | D:6      | Found Soxteecofu's Distillery.
  4876 | D:5      | Reached XP level 9. HP: 69/78 MP: 9/9
  4914 | D:6      | Bought 2 potions of berserk rage for 130 gold pieces
  4975 | D:6      | Found a staircase to the Ecumenical Temple.
  4982 | D:6      | Reached skill level 5 in Maces & Flails
  4992 | Temple   | Entered the Ecumenical Temple
  4999 | Temple   | Became a worshipper of Qazlal Stormbringer
  5112 | D:6      | Found a glowing drain.
  5124 | Sewer    | Entered a sewer
  5172 | Sewer    | Noticed Pargi
  5182 | Sewer    | Killed Pargi
  5342 | D:6      | Reached skill level 10 in Axes
  5893 | D:7      | Reached skill level 1 in Invocations
  5909 | D:7      | Reached skill level 2 in Invocations
  6207 | D:7      | Reached skill level 3 in Invocations
  6207 | D:7      | Reached * piety under Qazlal
  6396 | D:7      | Reached skill level 4 in Invocations
  6541 | D:7      | Reached XP level 10. HP: 79/88 MP: 11/13
  6614 | D:7      | Reached skill level 5 in Invocations
  6779 | D:7      | Found a sacrificial altar of Ru.
  7209 | D:8      | Identified the +2 scale mail "Jivu Doc" {Str+2}
  7324 | D:8      | Noticed Pikel
  7334 | D:8      | Killed Pikel
  7335 | D:8      | Reached skill level 6 in Invocations
  7359 | D:8      | Noticed Maggie
  7367 | D:8      | Killed Maggie
  7585 | D:8      | Reached ** piety under Qazlal
  7603 | D:8      | Reached skill level 7 in Invocations
  7761 | D:9      | Identified a scroll of acquirement
  7761 | D:9      | Acquired 989 gold pieces
  7791 | D:9      | Found a broken altar of Ashenzari.
  7800 | D:9      | Found a radiant altar of Vehumet.
  7885 | D:6      | Bought a potion of cancellation for 104 gold pieces
  7885 | D:6      | Bought a potion of might for 52 gold pieces
  7885 | D:6      | Bought a potion of might for 52 gold pieces
  7971 | D:9      | Found a basalt altar of Yredelemnul.
  8568 | D:9      | Reached skill level 8 in Invocations
  8616 | D:9      | Found a staircase to the Lair.
  8814 | D:9      | Reached XP level 11. HP: 40/97 MP: 3/17
  8822 | D:9      | Reached skill level 9 in Invocations
  9545 | D:10     | Entered Level 10 of the Dungeon
  9791 | D:10     | Noticed Erolcha
  9798 | D:10     | Noticed a two-headed ogre
  9804 | D:10     | Killed a two-headed ogre
  9805 | D:10     | Reached skill level 10 in Invocations
  9815 | Abyss:2  | Cast into level 2 of the Abyss (Erolcha)
  9825 | Abyss:2  | Noticed a thrashing horror
  9909 | Abyss:3  | Noticed a large abomination
  9911 | Abyss:3  | Found a corrupted altar of Lugonu.
  9997 | Abyss:3  | Noticed a dire elephant
  9997 | Abyss:3  | Noticed a dire elephant
  9998 | Abyss:3  | Noticed a hellephant
  9998 | Abyss:3  | Noticed a dire elephant
  9999 | Abyss:3  | Noticed a dire elephant
 10006 | Abyss:3  | Noticed a hellephant
 10011 | Abyss:3  | Noticed a dire elephant
 10125 | Abyss:3  | Noticed a purple draconian
 10155 | D:10     | Escaped the Abyss
 10639 | D:10     | Killed Erolcha
 10640 | D:10     | Reached skill level 10 in Fighting
 10896 | D:11     | Noticed Erica
 10913 | D:11     | Killed Erica
 11070 | D:11     | Noticed Nergalle
 11090 | D:11     | Reached skill level 11 in Invocations
 11129 | D:11     | Killed Nergalle
 11380 | D:11     | Noticed Gastronok
 11399 | D:11     | HP: 4/98 [Gastronok/the air (31)]
 11401 | D:11     | Killed Gastronok
 11402 | D:11     | Reached XP level 12. HP: 5/108 MP: 2/20
 11688 | D:11     | Noticed Josephine
 11694 | D:11     | Reached skill level 12 in Invocations
 11697 | D:11     | Killed Josephine
 11978 | D:11     | Found a staircase to the Orcish Mines.
 12014 | D:11     | Reached skill level 10 in Armour
 12062 | D:11     | Noticed Lodul
 12068 | D:11     | Paralysed by Lodul for 3 turns
 12470 | D:11     | Killed Lodul
 12477 | D:11     | Reached *** piety under Qazlal
 12733 | D:11     | Noticed a boulder beetle
 12750 | D:11     | Reached skill level 13 in Invocations
 12763 | D:11     | HP: 4/110 [boulder beetle (7)]
 12768 | D:11     | Killed a boulder beetle
 13346 | Lair:1   | Entered Level 1 of the Lair of Beasts
 13894 | Lair:1   | Noticed Urug
 13903 | Lair:1   | Killed Urug
 14233 | Lair:1   | Reached skill level 14 in Invocations
 14623 | Lair:2   | Noticed a death yak
 14624 | Lair:2   | Noticed a death yak
 14624 | Lair:2   | Noticed a death yak
 14625 | Lair:2   | Noticed a death yak
 14653 | Lair:1   | Killed a death yak
 14723 | Lair:1   | Killed a death yak
 14724 | Lair:1   | Reached XP level 13. HP: 55/117 MP: 12/23
 15446 | Lair:2   | Reached skill level 15 in Invocations
 15692 | Lair:2   | Found a staircase to the Snake Pit.
 15771 | Lair:2   | Reached **** piety under Qazlal
 16129 | Lair:2   | Found a shadowy altar of Dithmenos.
 16973 | Lair:3   | Noticed Rupert
 16977 | Lair:3   | Paralysed by Rupert for 4 turns
 16991 | Lair:3   | HP: 3/119 [Rupert/+1 great sword of electrocution (10)]
 17393 | Lair:4   | Reached skill level 15 in Axes
 17572 | Lair:4   | Reached skill level 16 in Invocations
 18015 | Lair:3   | Noticed Snorg
 18022 | Lair:3   | Killed Rupert
 18031 | Lair:3   | Killed Snorg
 18554 | Lair:3   | Noticed Kirke
 18561 | Lair:3   | Reached XP level 14. HP: 118/129 MP: 23/26
 18580 | Lair:3   | Killed Kirke
 18580 | Lair:3   | Reached ***** piety under Qazlal
 18919 | Lair:3   | Found a staircase to the Swamp.
 19123 | Lair:5   | Entered Level 5 of the Lair of Beasts
 19342 | Lair:4   | Reached skill level 17 in Invocations
 20745 | Lair:5   | Reached skill level 18 in Invocations
 21181 | Lair:5   | Reached ****** piety under Qazlal
 21619 | Lair:5   | Found a staircase to the Slime Pits.
 22846 | D:12     | Found a portal to a secret trove of treasure.
 23187 | D:13     | Found a shimmering altar of Xom.
 23227 | D:12     | Reached XP level 15. HP: 91/138 MP: 28/28
 24111 | D:13     | Reached skill level 19 in Invocations
 24390 | D:13     | Identified the +4 leather armour of the Stars {rC+}
 25162 | D:13     | Found a gate to the Vaults.
 26826 | D:15     | Entered Level 15 of the Dungeon
 27097 | D:15     | Reached skill level 15 in Fighting
 27280 | D:15     | Reached skill level 20 in Invocations
 27902 | D:15     | Found a staircase to the Depths.
 27931 | D:15     | Reached XP level 16. HP: 149/149 MP: 30/30
 28262 | Orc:1    | Entered Level 1 of the Orcish Mines
 28489 | Orc:2    | Entered Level 2 of the Orcish Mines
 29062 | Orc:2    | Found Orreracvuck's Weapon Emporium.
 29531 | Orc:1    | Paralysed by an orc sorcerer for 2 turns
 30161 | Orc:2    | Found a staircase to the Elven Halls.
 30412 | Orc:2    | Found Ryjonnof's General Store.
 30413 | Orc:2    | Found Vulor's Book Boutique.
 30414 | Orc:2    | Found Fenafu's Jewellery Shop.
 30418 | Orc:2    | Found Qauggayph's Distillery.
 31151 | Swamp:1  | Entered Level 1 of the Swamp
 31915 | Swamp:1  | Noticed Louise
 31921 | Swamp:1  | Killed Louise
 32120 | Swamp:1  | Reached skill level 1 in Dodging
 32450 | Swamp:1  | Noticed Roxanne
 32490 | Swamp:1  | Killed Roxanne
 34187 | Swamp:2  | Reached skill level 21 in Invocations
 34283 | Swamp:3  | Noticed a thorn hunter
 34311 | Swamp:2  | Killed a thorn hunter
 34990 | Swamp:3  | Found a broken altar of Ashenzari.
 35366 | Swamp:3  | Noticed a fenstrider witch
 35369 | Swamp:3  | Killed a fenstrider witch
 35726 | Swamp:4  | Entered Level 4 of the Swamp
 36193 | Swamp:3  | Reached XP level 17. HP: 57/158 MP: 31/31
 36964 | Swamp:4  | Mangled by a swamp worm

Illustrated notes

Levels and vault maps discovered:
D:1:      minmay_arrival_solitary_statue, layout_loops_ring,
          nicolae_concentric_dashed_squares_wild, minmay_splitting_lines
D:2:      layout_basic, shapermc_ecumenical_altar_rom_forum
D:3:      layout_loops_ring, minmay_checkerbox
D:4:      layout_cave_pods, minmay_quadrilaterals, uniq_edmund,
          uniq_blork_the_orc, uniq_eustachio, uniq_grinder
D:5:      cheibrodos_quashed, layout_loops_corners,
          pdpol_temple_overflow_zin_treasury_gozag_greed,
          fedhas_bush_and_centaur_altar, glass_columns_a
D:6:      layout_rooms, temple_fountains, serial_shops, shop,
          portal_sewer_entry_a
D:7:      layout_basic, nicolae_ru_the_path_less_chosen
D:8:      layout_gridville, uniq_maggie, uniq_pikel
D:9:      layout_small_grid, mainiacjoe_overflow_catwalk_spiral,
          yredelemnul_forgotten_temple_becter, minmay_lair_entry_grove
D:10:     layout_irregular_city, uniq_erolcha
D:11:     layout_basic, hiddenorc1_lemuel, uniq_josephine, uniq_gastronok,
          uniq_nergalle, uniq_lodul, uniq_erica
D:12:     layout_loops_ring, trove_entry_hex_spiral
D:13:     layout_loops_ring, lightli_vaults_fourway_checkpoint,
          xom_confusion_cloud
D:14:     layout_irregular_city, kennysheep_pointless_box, minivault_21
D:15:     grunt_enter_depths_snipers, layout_irregular_city
Temple:   nicolae_temple_no_exploring_needed
Lair:1:   layout_long_grid, chequers_serial_rivers_room_a, grunt_megastairs_1,
          lemuel_fruit_fields, uniq_urug
Lair:2:   layout_cave_pods, minmay_snake_entry_guardpost_medium, basic_altar,
          grunt_megastairs_4, infiniplex_staircase_pool_2, lemuel_fruit_fields,
          serial_bayou_shore_b
Lair:3:   layout_roguey, minmay_swamp_entry_swarm, small_statue_intersection,
          nzn_sisyphean_effort, uniq_snorg, uniq_rupert, uniq_kirke
Lair:4:   layout_roguey, beast_lair_carwin_3
Lair:5:   hangedman_lair_caniforms_friends, layout_loops_ring,
          guppyfry_lair_end_dragon, nicolae_slime_entry_slimehenge
Swamp:1:  layout_falls_marsh, hangedman_swamp_pad, swamp_pool1,
          nicolae_swamp_necromancer_hut, infiniplex_staircase_pool,
          uniq_roxanne, uniq_louise
Swamp:2:  layout_basic_swamp, evilmike_swamp_ruin_house_4
Swamp:3:  layout_basic_swamp, nicolae_swamp_godswood
Swamp:4:  nzn_swamp_witches_coven, layout_basic_swamp, swamp_pool1,
          hangedman_swamp_cone, uniq_bai_suzhen, uniq_mara
Orc:1:    layout_diamond_mine
Orc:2:    st_orc_mages, layout_caves, serial_shops,
          nicolae_shop_bloodbath_and_beyond

Skill      XL: |  1  2  3  4  5  6  7  8  9 10 11 12 13 14 15 16 |
---------------+-------------------------------------------------+-----
Axes           | 3 4 5 6 7 9 10 11 13 14 15 16 17 | 17.5
Fighting       | 4 5 6 7 9 10 11 13 14 15 | 15.9
Shields        | 4 5 7 8 |  8.5
Armour         | 4 5 6 7 8 9 10 12 13 14 | 14.7
Maces & Flails | 1 2 4 5 8 |  8.9
Invocations    | 4 8 11 14 16 18 20 21 | 21.4
Dodging        | 2 |  2.9

Action                   |  1- 3 |  4- 6 |  7- 9 | 10-12 | 13-15 | 16-18 || total
-------------------------+-------+-------+-------+-------+-------+-------++-------
Melee: War axe           |    66 |   149 |       |       |       |       ||   215
       Flail             |       |    18 |   292 |   614 |  1475 |   334 ||  2733
       Unarmed           |       |       |       |       |    16 |       ||    16
       Broad axe         |       |       |       |       |       |   348 ||   348
Invok: Upheaval          |       |       |       |     8 |     5 |     4 ||    17
       Elemental Force   |       |       |       |       |       |     1 ||     1
       Disaster Area     |       |       |       |       |       |     2 ||     2
Evoke: Wand              |       |       |       |     7 |     1 |       ||     8
  Use: Scroll            |       |     6 |     3 |    18 |     5 |     5 ||    37
       Potion            |       |     3 |     1 |     8 |     6 |     6 ||    24
 Stab: Invisible         |       |       |       |     1 |       |       ||     1
       Paralysed         |       |       |       |       |       |     2 ||     2
Armor: Chain mail        |    27 |    84 |   135 |   292 |   622 |    71 ||  1231
       Scale mail        |     1 |       |       |       |       |       ||     1
       Plate armour      |       |       |       |       |       |   249 ||   249
Dodge: Dodged            |    25 |   115 |   178 |   340 |   669 |   364 ||  1691
       Repelled          |       |       |       |       |    10 |     8 ||    18
Block: Buckler           |     4 |    53 |    82 |   249 |   588 |       ||   976
       Kite shield       |       |       |       |       |   520 |   744 ||  1264

Table legend: (Time is in decaauts)
 A = Elapsed time spent in this place.
 B = Non-inter-level travel time spent in this place.
 C = Inter-level travel time spent in this place.
 D = Time resting spent in this place.
 E = Time spent auto-exploring this place.
 F = Levels seen in this place.
 G = Mean time per level.
                   A        B        C        D        E       F      G
               +--------+--------+--------+--------+--------+-----+--------+
         Total |  37356 |  35740 |   1616 |   9735 |  19401 |  31 | 1205.0 |
       Dungeon |  19134 |  18061 |   1073 |   3121 |  11507 |  15 | 1275.6 |
        Temple |     14 |     14 |      0 |      0 |      0 |   1 |   14.0 |
          Lair |   9637 |   9371 |    266 |   2983 |   4748 |   5 | 1927.4 |
         Swamp |   5321 |   5166 |    155 |   2251 |   2115 |   4 | 1330.2 |
  Orcish Mines |   2653 |   2532 |    121 |   1246 |    889 |   2 | 1326.5 |
         Abyss |    355 |    355 |      0 |    133 |      0 |   3 |  118.3 |
         Sewer |    240 |    240 |      0 |      0 |    140 |   1 |  240.0 |
               +--------+--------+--------+--------+--------+-----+--------+

Top non-repeatable levels by time:
    D:11: 2480 daAuts
  Lair:5: 2312 daAuts
  Lair:3: 2131 daAuts
  Lair:2: 1935 daAuts
   Orc:1: 1924 daAuts
  Lair:4: 1785 daAuts
    D:13: 1764 daAuts
 Swamp:3: 1750 daAuts
    D:12: 1709 daAuts
 Swamp:2: 1686 daAuts
     D:9: 1505 daAuts
 Swamp:1: 1496 daAuts
  Lair:1: 1472 daAuts
    D:15: 1384 daAuts
     D:4: 1348 daAuts
